 Dungeon Crawl Stone Soup version 0.19-a0-1908-g43c011f (webtiles) character file.

56 Leibowitz the Charmwright (level 3, -1/29 HPs)
             Began as a Demigod Skald on Oct 22, 2016.
             Slain by an adder (2 damage)
             ... on level 2 of the Dungeon.
             The game lasted 00:04:36 (1267 turns).

Leibowitz the Charmwright (Demigod Skald)           Turns: 1267, Time: 00:04:37

Health: -1/29      AC:  3    Str: 15 (17) XL:     3   Next: 47%
Magic:  8/8        EV: 16    Int: 13 (16) God:
Gold:   84         SH:  0    Dex: 17 (20) Spells: 2 memorised, 3 levels left

rFire  . . .     SeeInvis .     a - +0 hand axe
rCold  . . .     Gourm    .     b - +0 leather armour
rNeg   . . .     Faith    .     (no shield)
rPois  .         Spirit   .     (no helmet)
rElec  .         Reflect  .     (no cloak)
rCorr  .         Harm     .     (no gloves)
MR     .....                    (no boots)
Stlth  ++........               (no amulet)
                                (no ring)
                                (no ring)

@: agile, lethally poisoned (-1 -> -7), hasted, very quick
A: high mp 1
a: no special abilities


You were on level 2 of the Dungeon.
You were hungry.

You visited 1 branch of the dungeon, and saw 2 of its levels.

You collected 84 gold pieces.

Inventory:

Hand Weapons
 a - a +0 hand axe (weapon)
Missiles
 h - 7 javelins (quivered)
Armour
 b - a +0 leather armour (worn)
Scrolls
 e - 4 scrolls of identify {unknown}
 f - a scroll of fear {unknown}
 j - a scroll of fog {unknown}
Potions
 g - 2 potions of degeneration
 n - a potion of curing {unknown}
Books
 c - a book of Battle

   Spells                             Type                      Level
   a - Infusion                       Charms                       1
   b - Shroud of Golubria             Charms/Translocation         2
   c - Song of Slaying                Charms                       2
   d - Spectral Weapon                Hexes/Charms                 3
   e - Regeneration                   Charms/Necromancy            3
Comestibles
 d - 2 bread rations
 i - a beef jerky


   Skills:
 + Level 2.0 Fighting
 + Level 2.3 Axes
 + Level 0.1 Throwing
 + Level 1.3 Armour
 + Level 1.1 Dodging
 + Level 0.4 Stealth
 + Level 2.2 Spellcasting
 + Level 3.1 Charms


You had 3 spell levels left.
You knew the following spells:

 Your Spells              Type           Power        Failure   Level  Hunger
a - Infusion              Chrm           #...         10%         1    ##.....
b - Song of Slaying       Chrm           #.......     14%         2    ###....


Dungeon Overview and Level Annotations

Branches:
Dungeon (2/15)


Innate Abilities, Weirdness & Mutations

You have an increased reservoir of magic. (+10% MP)


Message History

The adder is heavily wounded.
* * * LOW HITPOINT WARNING * * *
You feel sick. The adder barely misses you.
You hit the adder.
The adder is severely wounded.
* * * LOW HITPOINT WARNING * * *
You feel sick. The adder barely misses you. x2
It was a potion of degeneration.
There was something very wrong with that liquid.
You feel weakened.
You feel dopey.
You feel clumsy. The adder bites you but does no damage.
It was a potion of agility.
You feel agile all of a sudden.
You are feeling hungry.
* * * LOW HITPOINT WARNING * * *
You feel sick. The adder closely misses you. x2
It was a potion of haste.
You feel yourself speed up.
* * * LOW HITPOINT WARNING * * *
You feel sick. The adder bites you.
You die...

#.# # ##.##
##.##...######
.............#
#..#..<####.# # ###.
##.## #.# ##.#
#....##.#####.# ....
#........#.###..#..#
#.##.###.#..@S.....#
.. #.###.#####......
#.# #.>##.# #...# #
# ##.##.# .##
.##.###.##.#
...........#
###........#
######.#..#
#........†####.


You could see an adder.

Vanquished Creatures
  An ooze (D:2)
  6 dart slugs (D:1)
  2 leopard geckos
  2 giant cockroaches (D:1)
  4 goblins
  6 hobgoblins
  2 ball pythons
  4 bats
  3 frilled lizards
  5 kobolds
  4 rats
39 creatures vanquished.

Notes
Turn   | Place    | Note
-------+----------+-------------------------------------------
     0 | D:1      | Leibowitz the Demigod Skald began the quest for the Orb.
     0 | D:1      | Reached XP level 1. HP: 17/17 MP: 5/5
    99 | D:1      | Reached skill level 3 in Charms
   304 | D:1      | Reached skill level 1 in Armour
   315 | D:1      | Reached XP level 2. HP: 11/24 MP: 7/7
   534 | D:1      | Learned a level 2 spell: Song of Slaying
   837 | D:1      | Reached skill level 1 in Dodging
   862 | D:1      | Reached XP level 3. HP: 21/29 MP: 2/8
  1267 | D:2      | HP: 1/29 [poisoned by an adder]
  1267 | D:2      | Slain by an adder

Vault maps used:
D:1:      minmay_arrival_four_loops, kennysheep_doodads

Skill      XL: |  1  2 |
---------------+-------+-----
Charms         | 3 |  3.1
Armour         | 1 |  1.3
Spellcasting   | 2 |  2.2
Fighting       | 2 |  2.0
Axes           | 2 |  2.3
Dodging        | 1 |  1.1
Throwing       | |  0.1
Stealth        | |  0.4

Action                   || total
-------------------------++-------
Melee: Hand axe          ||   117
Throw: Javelin           ||     3
 Cast: Infusion          ||     2
       Song of Slaying   ||     2
  Use: Potion            ||     3
  Eat: Chunk             ||     1
Armor: Leather armour    ||    27
Dodge: Dodged            ||    62
